 Dungeon Crawl Stone Soup version 0.20.1-1-g8b1a95d (webtiles) character file.

189 MovingMist the Distorting Demonspawn (level 5, -3/41 HPs)
             Began as a Demonspawn Abyssal Knight on Nov 18, 2017.
             Was a Believer of Lugonu.
             Slain by Duvessa
             ... wielding a +0 rapier
              (11 damage)
             ... on level 4 of the Dungeon.
             The game lasted 00:07:06 (2287 turns).

MovingMist the Distorting Demonspawn (DsAK)         Turns: 2287, Time: 00:07:07

Health: -3/41      AC:  7    Str: 12    XL:     5   Next: 40%
Magic:  8/8        EV:  8    Int: 13    God:    Lugonu [**....]
Gold:   145        SH:  7    Dex: 16    Spells: 4/4 levels left

rFire    . . .     SeeInvis .   f - +1 short sword (venom)
rCold    . . .     Gourm    .   u - +0 shield
rNeg     . . .     Faith    .   d - +0 ring mail
rPois    .         Spirit   .   e - +2 hat
rElec    .         Reflect  .   (no cloak)
rCorr    .         Harm     .   (no gloves)
MR       .....                  (no boots)
Stlth    +.........             (no amulet)
Regen    0.2/turn               (no ring)
MPRegen  0.2/turn               (no ring)

@: no status effects
A: thin skeletal structure 1, powered by death 1
a: Depart the Abyss, Bend Space, Renounce Religion


You were on level 4 of the Dungeon.
You worshipped Lugonu.
Lugonu was pleased with you.
You were hungry.

You visited 1 branch of the dungeon, and saw 4 of its levels.
You visited the Abyss 1 time.

You collected 145 gold pieces.

Inventory:

Hand Weapons
 a - a +1 falchion
 f - a +1 short sword of venom (weapon)
Armour
 d - a +0 ring mail (worn)
 e - a +2 hat (worn)
 u - a +0 shield (worn)
Jewellery
 l - a cursed ring of loudness {unknown}
Scrolls
 b - 3 scrolls of immolation {unknown}
 g - 2 scrolls of recharging {unknown}
 i - 4 scrolls of identify {unknown}
 k - a scroll of enchant weapon {unknown}
 o - 2 scrolls of fear {unknown}
 s - 3 scrolls of teleportation {unknown}
 v - a scroll of remove curse {unknown}
 y - a scroll of amnesia {unknown}
Potions
 h - a potion of brilliance {unknown}
 p - a potion of flight {unknown}
 q - a potion of magic {unknown}
 r - a potion of mutation {unknown}
 t - 2 potions of heal wounds {unknown}
 w - a potion of cancellation {unknown}
 x - a potion of lignification {unknown}
 z - 3 potions of agility {unknown}
Comestibles
 c - 4 bread rations
 j - 12 chunks of flesh
 n - 2 fruits


   Skills:
 + Level 3.4 Fighting
 + Level 2.4(2.7) Short Blades
 - Level 1.9(2.5) Long Blades
 - Level 1.7 Armour
 + Level 2.1 Dodging
 * Level 4.9 Invocations


You had 4 spell levels left.
You didn't know any spells.

Dungeon Overview and Level Annotations

Branches:
Dungeon (3/15)

Altars:
Gozag
Ru
Trog

Annotations:
D:4 Dowan, Duvessa


Innate Abilities, Weirdness & Mutations

You have a somewhat thin skeletal structure. (Dex +2, Stealth)
You regenerate a little health from kills.


Message History

Dowan is lightly wounded.
Duvessa hits you but does no damage. x2; Dowan barely misses you.
You hit Dowan.
Dowan looks as sick as possible!
Dowan is lightly wounded.
Duvessa hits you with a rapier. Dowan hits you with a dagger.
You closely miss Dowan.
Dowan is moderately wounded.
Duvessa shouts, "You can run, but you cannot escape us forever!"
Duvessa completely misses you. You block Dowan's attack.
You barely miss Dowan.
Dowan is moderately wounded.
Duvessa hits you with a rapier.
* * * LOW HITPOINT WARNING * * *
Duvessa hits you with a rapier.
* * * LOW HITPOINT WARNING * * *
Dowan closely misses you.
You barely miss Dowan.
Dowan is moderately wounded.
Duvessa hits you with a rapier!
You die...

#...# #..# ###...###
#..### #.......# #....
.......# #...# ......###
#..# #........
#..######....#
..#.####.......÷....#
#.....e@e..##.####..#
###.#####.###.####..####
#.# #.#........# #.#
#.#.##..##.# #.#
#.#.##..##.#
#..).....>......
#.##...##....... #.....
#...÷... #...##.#.....


You could see Duvessa and Dowan.

Vanquished Creatures
  A hound (D:4)
  Jessica (D:2)
  6 adders
  2 worms (D:2)
  4 leopard geckos
  2 orcs (D:3)
  6 giant cockroaches
  11 goblins
  7 hobgoblins
  4 jackals (D:3)
  5 kobolds
  A quokka (D:3)
  3 bats
  4 frilled lizards
  9 rats
66 creatures vanquished.

Notes
Turn   | Place    | Note
-------+----------+-------------------------------------------
     0 | Abyss:1  | MovingMist the Demonspawn Abyssal Knight began the quest for the Orb.
     0 | Abyss:1  | Reached XP level 1. HP: 18/18 MP: 2/2
    39 | Abyss:1  | Found an iron altar of Okawaru.
    54 | Abyss:1  | Noticed an ancient zyme
    54 | D:1      | Escaped the Abyss
    59 | D:1      | Reached skill level 1 in Dodging
   107 | D:1      | Reached * piety under Lugonu
   395 | D:1      | Gained mutation: You have a somewhat thin skeletal structure. (Dex +2, Stealth) [demonic ancestry]
   395 | D:1      | Reached XP level 2. HP: 24/24 MP: 4/4
   557 | D:1      | Reached skill level 3 in Invocations
   873 | D:2      | Noticed Jessica
   878 | D:2      | Reached skill level 1 in Short Blades
   882 | D:2      | Killed Jessica
   882 | D:2      | Reached XP level 3. HP: 29/29 MP: 5/5
  1020 | D:2      | Found an opulent altar of Gozag.
  1057 | D:2      | Reached XP level 4. HP: 22/35 MP: 6/6
  1377 | D:2      | Reached skill level 4 in Invocations
  1519 | D:2      | Found a sacrificial altar of Ru.
  2011 | D:3      | Reached ** piety under Lugonu
  2106 | D:3      | Found a bloodstained altar of Trog.
  2126 | D:3      | Gained mutation: You regenerate a little health from kills. [demonic ancestry]
  2126 | D:3      | Reached XP level 5. HP: 41/41 MP: 8/8
  2224 | D:3      | You fall through a shaft!
  2271 | D:4      | Noticed Duvessa
  2272 | D:4      | Noticed Dowan
  2287 | D:4      | Slain by Duvessa

Skill      XL: |  1  2  3  4  5 |
---------------+----------------+-----
Dodging        | 1 2 |  2.1
Invocations    | 3 4 |  4.9
Short Blades   | 1 2 |  2.4
Fighting       | |  3.4
Long Blades    | |  1.9
Armour         | |  1.7

Action                   |  1- 3 |  4- 6 || total
-------------------------+-------+-------++-------
Melee: Falchion          |    22 |       ||    22
       Short sword       |    66 |   124 ||   190
Invok: Depart the Abyss  |     1 |       ||     1
  Use: Potion            |       |     1 ||     1
 Stab: Sleeping          |     2 |     2 ||     4
  Eat: Chunk             |     1 |     3 ||     4
Armor: Ring mail         |    29 |    38 ||    67
Dodge: Dodged            |    46 |    50 ||    96
Block: Shield            |     2 |    43 ||    45
       Rpst.: Falchion   |     2 |       ||     2
